 Dungeon Crawl Stone Soup version 0.26.1-2-gb8aa6d0cf2 (webtiles) character file.

Game seed: 8816785293861186053

5100 skwiii the Thaumaturge (level 10, -11/51 HPs)
             Began as a Spriggan Venom Mage on Feb 21, 2021.
             Was an Initiate of Vehumet.
             Blown up by an eye of devastation (shapeshifter) (47 damage)
             ... with a bolt of energy
             ... on level 9 of the Dungeon.
             The game lasted 00:57:36 (21248 turns).

skwiii the Thaumaturge (Spriggan Venom Mage)       Turns: 21248, Time: 00:57:37

Health: -11/51     AC:  4    Str:  4    XL:     10   Next: 32%
Magic:  17/23      EV: 19    Int: 20    God:    Vehumet [......]
Gold:   563        SH:  0    Dex: 17    Spells: 13/26 levels left

rFire    . . .     SeeInvis +   s - +0 mace
rCold    . . .     Faith    .   (shield restricted)
rNeg     + . .     Spirit   .   a - +2 robe
rPois    .         Reflect  .   (helmet restricted)
rElec    .         Harm     .   M - scarf {shadows}
rCorr    .         Rampage  .   (gloves unavailable)
Will     +....                  (boots unavailable)
Stlth    ++........             (no amulet)
HPRegen  0.17/turn              f - ring of wizardry
MPRegen  0.18/turn              p - ring of positive energy

@: very quick
A: very small, unfitting armour, see invisible, speed 3
a: Renounce Religion


You were on level 9 of the Dungeon.
You worshipped Vehumet.
Vehumet was noncommittal.
You visited 1 branch of the dungeon, and saw 10 of its levels.

You collected 563 gold pieces.

Inventory:

Hand Weapons
 s - a +0 mace (weapon)
 t - a +0 mace
 u - a +1 scythe of freezing
 w - a +0 trident
 D - a +0 hand axe
 N - the +7 mace of Variability {chain chaos}
   (You found it on level 9 of the Dungeon)

   Each time it hits an enemy it has a different, random effect.
 Q - a +3 trident
Armour
 a - a +2 robe (worn)
 k - the +3 ring mail of Atinat {Rampage Will++ Dex+4, unknown}
   (You found it on level 8 of the Dungeon)

   It affects your dexterity (+4).
   It affects your willpower, your defense against some magical effects.
   It bestows one free step when moving towards enemies.
 o - a +0 robe
 v - a +0 robe
 F - a +0 pair of gloves
 I - a +0 scale mail
 M - a scarf of shadows (worn)
Jewellery
 f - a ring of wizardry (left hand)
 g - an uncursed ring of wizardry
 h - a +6 ring of strength
 l - an uncursed ring of wizardry
 p - a ring of positive energy (right hand)
 q - a +6 ring of dexterity {unknown}
 J - an uncursed ring of wizardry
Wands
 A - a wand of iceblast (8)
 H - a wand of acid (9)
 P - a wand of disintegration (3)
Scrolls
 b - 10 scrolls of remove curse
 e - a scroll of immolation
 i - a scroll of random uselessness {unknown}
 j - 2 scrolls of enchant weapon
 n - 2 scrolls of teleportation
 x - 2 scrolls of identify
 y - 2 scrolls of fog {unknown}
 B - a scroll of blinking
 C - a scroll of magic mapping
 L - a scroll of enchant armour
Potions
 c - a potion of brilliance
 d - 6 potions of flight
 m - a potion of cancellation {unknown}
 r - a potion of lignification {unknown}
 z - a potion of curing
 E - a potion of heal wounds
 G - a potion of magic {unknown}
 K - a potion of attraction {unknown}
Miscellaneous
 O - a tin of tremorstones (2/2)


   Skills:
 + Level 4.6 Fighting
 + Level 3.9 Dodging
 - Level 3.0 Stealth
 + Level 8.6 Spellcasting
 - Level 4.4 Conjurations
 - Level 3.1 Transmutations
 - Level 4.9 Fire Magic
 - Level 4.0 Air Magic
 + Level 7.9 Poison Magic


You had 13 spell levels left.
You knew the following spells:

 Your Spells              Type           Power        Failure   Level
a - Sting                 Tmut/Pois      60%          1%          1
b - Poisonous Vapours     Pois/Air       32%          1%          2
c - Ignite Poison         Fire/Tmut/Pois 14%          1%          3
d - Mephitic Cloud        Conj/Pois/Air  15%          1%          3
e - Olgreb's Toxic Radia  Pois           20%          1%          4

Your spell library contained the following spells:

 Spells                   Type           Power        Failure   Level
 Beastly Appendage        Tmut           20%          1%          1
 Wereblood                Tmut           10%          1%          2
 Spider Form              Tmut/Pois      7%           1%          3
 Corona                   Hex            4%           3%          1
 Ensorcelled Hibernation  Hex/Ice        8%           4%          2
 Dazzling Flash           Conj/Hex       16%          4%          3
 Confusing Touch          Hex            4%           10%         3
 Tukima's Dance           Hex            4%           10%         3
 Ice Form                 Ice/Tmut       7%           16%         4
 Blade Hands              Tmut           5%           24%         5


Dungeon Overview and Level Annotations

Branches:
Dungeon (10/15)              Lair (0/6) D:9
 Temple: D:4-7          Orc: D:9-12

Altars:
Elyvilon
Gozag
Hepliaklqana
Kikubaaqudgha
Nemelex Xobeh
Okawaru
Ru
Sif Muna
Trog
Vehumet
Wu Jian
Xom

Shops:
D:4 [   D:9 [

Annotations:
D:3 3 runed translucent doors, jlumianski's ghost, weakling PaFi
D:5 3 runed translucent doors, wallyj24's ghost, novice GnFi
D:8 1 runed translucent door


Innate Abilities, Weirdness & Mutations

You are very small and have problems with some larger weapons.
You are too small for most types of armour.
You have supernaturally acute eyesight. (SInv)
You cover ground extremely quickly.


Message History

The eye of devastation looks even sicker.
Casting: Sting (safe; 1% risk of failure)
Confirm with . or Enter, or press ? or * to list all spells.
You feel a numb sensation.
You ignite the poison in your surroundings!
The eye of devastation seems to burn from within!!
The eye of devastation is heavily wounded.
The eye of devastation gazes at you. The bolt of energy hits you!
Aiming: Sting (safe; 1% risk of failure)
Press: ? - help, Q - select action, (/) - cycle Shift-Dir - straight line, f/p - eye of devastation
Aim: an eye of devastation (heavily wounded, 0% to evade)
You feel a numb sensation.
The sting hits the eye of devastation but does no damage.
The eye of devastation is poisoned.
The eye of devastation is heavily wounded.
The eye of devastation gazes at you. The bolt of energy hits you!!!
Ouch! That really hurt!
You die...

⌠....# _#≈..#
.....# ...∩.#
<≈⌠...# ..#⌠..#
...... ....#.
.#.#######.#..
....'.
......@?GZ....
....##
.#.###.###.#..
...## #.# #.#
..## . #.# #.#
.## ...###.#
#.# ##
|......###.####
#
.#####........#
#### #..##.#..#
...#
############.#


You could see an eye of devastation (poisoned) and a water moccasin skeleton.

Vanquished Creatures
  A two-headed ogre (D:8)
  A troll (D:9)
  Grinder (D:3)
  Sigmund (D:4)
  3 chaos spawn (D:9)
  3 orc warriors
  2 black bears
  An ice beast (D:5)
  A sky beast (D:9)
  2 ogres
  5 centaurs
  3 big kobolds
  7 bullfrogs
  A water moccasin skeleton (D:8)
  4 scorpions
  3 killer bees (D:7)
  5 howler monkeys
  4 hounds
  A quasit (D:5)
  2 bullfrog zombies
  2 bullfrog skeletons
  A centaur skeleton (D:4)
  3 orc priests
  3 orc wizards
  2 iguanas
  7 worker ants
  A killer bee zombie (D:7)
  A hound skeleton (D:4)
  3 worker ant zombies
  A gnoll (D:4)
  13 adders
  3 shadow imps
  2 white imps
  3 ufetubi
  An ooze (D:2)
  3 adder skeletons
  An adder zombie (D:5)
  2 worms (D:4)
  2 dart slugs
  8 leopard geckos
  29 orcs
  7 giant cockroaches
  4 hobgoblins
  12 jackals
  21 kobolds
  7 quokkas
  4 bats
  3 frilled lizards
  7 goblins
  A quokka zombie (D:8)
  9 rats
217 creatures vanquished.

Vanquished Creatures (others)
  38 plants (D:9)
38 creatures vanquished.

Grand Total: 255 creatures vanquished

Notes
Turn   | Place    | Note
-------+----------+-------------------------------------------
     0 | D:1      | skwiii the Spriggan Venom Mage began the quest for the Orb.
     0 | D:1      | Reached XP level 1. HP: 9/9 MP: 5/5
   558 | D:1      | Reached skill level 3 in Spellcasting
   558 | D:1      | Reached XP level 2. HP: 3/13 MP: 5/7
  1797 | D:2      | Learned a level 2 spell: Poisonous Vapours
  1830 | D:2      | Reached XP level 3. HP: 16/16 MP: 0/8
  1999 | D:2      | Learned a level 3 spell: Ignite Poison
  2967 | D:2      | Reached XP level 4. HP: 16/21 MP: 6/10
  3038 | D:2      | Learned a level 3 spell: Mephitic Cloud
  3828 | D:2      | Reached skill level 4 in Spellcasting
  4345 | D:3      | Noticed Grinder
  4741 | D:3      | Found a shimmering altar of Xom.
  4778 | D:3      | Reached skill level 1 in Air Magic
  4778 | D:3      | Reached XP level 5. HP: 24/24 MP: 3/12
  5009 | D:4      | Noticed Sigmund
  5012 | D:5      | Entered Level 5 of the Dungeon
  5121 | D:4      | Found Kirruiphu's Armour Boutique.
  5209 | D:4      | Found a hazy altar of Hepliaklqana.
  5213 | D:4      | Found a bloodstained altar of Trog.
  5224 | D:3      | Reached skill level 1 in Fire Magic
  5433 | D:3      | Killed Grinder
  5434 | D:3      | Reached skill level 1 in Conjurations
  5434 | D:3      | Reached skill level 5 in Poison Magic
  5434 | D:3      | Reached XP level 6. HP: 24/28 MP: 3/14
  5551 | D:3      | Found an iron altar of Okawaru.
  5832 | D:3      | Found a runed translucent gate.
  5832 | D:3      | Found a runed translucent gate.
  5833 | D:3      | Found a runed translucent gate.
  5839 | D:3      | Noticed jlumianski's ghost (weakling PaFi)
  6920 | D:4      | Reached skill level 5 in Spellcasting
  6920 | D:4      | Reached XP level 7. HP: 15/32 MP: 1/15
  7345 | D:4      | Killed Sigmund
  7772 | D:4      | Found a white marble altar of Elyvilon.
  7840 | D:4      | Reached skill level 1 in Fighting
  8849 | D:4      | Found a sparkling altar of Nemelex Xobeh.
  9524 | D:5      | Noticed wallyj24's ghost (novice GnFi)
  9543 | D:5      | Found a runed translucent gate.
  9543 | D:5      | Found a runed translucent gate.
  9545 | D:5      | Found a runed translucent gate.
 10444 | D:5      | Reached XP level 8. HP: 31/37 MP: 3/17
 10540 | D:5      | Learned a level 4 spell: Olgreb's Toxic Radiance
 11266 | D:5      | Reached skill level 6 in Spellcasting
 12753 | D:6      | Found an opulent altar of Gozag.
 13267 | D:6      | Found a sacrificial altar of Ru.
 14614 | D:7      | Found an ornate altar of the Wu Jian Council.
 15107 | D:7      | Reached XP level 9. HP: 43/43 MP: 3/20
 15563 | D:7      | Found a shimmering blue altar of Sif Muna.
 15691 | D:8      | Found a runed translucent door.
 16403 | D:8      | Reached skill level 7 in Spellcasting
 16752 | D:8      | Noticed a two-headed ogre
 16779 | D:8      | Killed a two-headed ogre
 17047 | D:8      | Found a radiant altar of Vehumet.
 17048 | D:8      | Got a distressingly furry ring mail
 18660 | D:8      | Reached skill level 8 in Spellcasting
 18824 | D:8      | Found an ancient bone altar of Kikubaaqudgha.
 19346 | D:9      | Reached XP level 10. HP: 32/49 MP: 23/23
 20134 | D:9      | Found a shimmering altar of Xom.
 20135 | D:9      | Found the +7 mace of Variability {chain chaos}
 20724 | D:8      | Became a worshipper of Vehumet
 20746 | D:10     | Entered Level 10 of the Dungeon
 20893 | D:9      | Found Cakkoanat's Armour Shoppe.
 21191 | D:9      | Found a staircase to the Lair.
 21241 | D:9      | Noticed an eye of devastation
 21248 | D:9      | Blown up by an eye of devastation (shapeshifter)

Illustrated notes

Levels and vault maps discovered:
D:1:      saegor_arrival_miasma, layout_loops_ring
D:2:      layout_rooms
D:3:      layout_basic, okawaru_gym_becter, old_standard_altar,
          gammafunk_ghost_necromancy, uniq_grinder
D:4:      layout_rooms, elyvilon_altar_3, marbit_many_paths, minitemple,
          serial_shops, shop, minmay_misc_feat_tower, cheibrodos_gnoll_hut,
          uniq_sigmund
D:5:      layout_loops_ring, gammafunk_ghost_split, bh_walls_and_bars
D:6:      layout_basic, kennysheep_mini, nicolae_gozag_seed_capital,
          minmay_temple_entry_statues_pillars, roderic_filled_cross,
          kennysheep_cross_room
D:7:      cheibrodos_barr_body, layout_loops_cross, general_overflow_altar,
          led_sif_pool, minivault_24, minmay_misc_feat_iff
D:8:      layout_basic, nicolae_overflow_hidden_temple, basic_altar,
          lightli_church_of_beogh
D:9:      layout_loops_corners, david_lair_shrubbed, serial_shops,
          nicolae_shop_statue_plus, minmay_guarded_unrand_variability
D:10:     layout_stronghold, zombieorc2_lemuel, serial_shops, shop,
          nicolae_shop_trees, shop, shop, fedhas_altar_2, uniq_snorg

Skill      XL: |  1  2  3  4  5  6  7  8  9 |
---------------+----------------------------+-----
Spellcasting   | 3 4 5 6 8 |  8.6
Transmutations | 2 3 |  3.1
Poison Magic   | 4 5 6 7 |  7.9
Air Magic      | 1 2 3 4 |  4.0
Fire Magic     | 1 2 3 4 |  4.9
Conjurations   | 1 2 3 4 |  4.4
Fighting       | 1 2 4 |  4.6
Dodging        | |  3.9
Stealth        | |  3.0

Action                   |  1- 3 |  4- 6 |  7- 9 | 10-12 || total
-------------------------+-------+-------+-------+-------++-------
Melee: Unarmed           |     9 |     2 |       |       ||    11
       Mace              |       |       |   236 |    23 ||   259
 Cast: Sting             |    46 |    20 |    69 |    24 ||   159
       Poisonous Vapours |    18 |    55 |   160 |    48 ||   281
       Ignite Poison     |       |     2 |    16 |     5 ||    23
       Olgreb's Toxic Ra |       |       |     3 |     3 ||     6
  Use: Scroll            |     2 |     6 |     6 |     1 ||    15
       Potion            |       |     2 |     1 |       ||     3
 Stab: Distracted        |       |       |     1 |       ||     1
       Sleeping          |       |       |     1 |       ||     1
Armor: Robe              |     4 |     2 |    27 |     6 ||    39
Dodge: Dodged            |    31 |    21 |   338 |    53 ||   443
